 Dungeon Crawl Stone Soup version 0.26-a0-597-gb535b0901c (webtiles) character file.

Game seed: 1112106617749523550

24858 Lugonue the Thaumaturge (level 12, -1/66 HPs)
             Began as a Deep Elf Conjurer on Sept 15, 2020.
             Was an Elder of Sif Muna.
             Slain by a wolf spider (4 damage)
             ... on level 4 of the Lair of Beasts.
             The game lasted 00:40:47 (18908 turns).

Lugonue the Thaumaturge (Deep Elf Conjurer)        Turns: 18908, Time: 00:40:47

Health: -1/66      AC: 18    Str:  4    XL:     12   Next: 84%
Magic:  21/31      EV: 11    Int: 29    God:    Sif Muna [****..]
Gold:   1212       SH:  0    Dex: 13    Spells: 25/38 levels left

rFire    . . .     SeeInvis +   v - staff of conjuration
rCold    . . .     Faith    .   (no shield)
rNeg     . . .     Spirit   .   C - +2 swamp dragon scales
rPois    +         Reflect  .   r - +0 hat
rElec    .         Harm     .   t - +1 cloak
rCorr    .                      i - +2 pair of gloves
MR       +....                  B - +0 pair of boots
Stlth    ++++......             (no amulet)
HPRegen  0.21/turn              F - ring of see invisible
MPRegen  0.22/turn              g - ring of poison resistance

@: about to teleport, very slightly contaminated
A: no striking features
a: Channel Magic, Forget Spell, Divine Exegesis, Renounce Religion


You were on level 4 of the Lair of Beasts.
You worshipped Sif Muna.
Sif Muna was greatly pleased with you.
You visited 2 branches of the dungeon, and saw 13 of its levels.

You collected 1212 gold pieces.

Inventory:

Hand Weapons
 f - a +4 short sword of venom
 s - a +2 vampiric short sword
Missiles
 x - 4 curare-tipped darts (quivered)
Armour
 i - a +2 pair of gloves (worn)
 r - a +0 hat (worn)
 t - a +1 cloak (worn)
 B - a +0 pair of boots (worn)
 C - +2 swamp dragon scales (worn)
Magical Staves
 v - an uncursed staff of conjuration (weapon)
 I - an uncursed staff of cold
Jewellery
 g - a ring of poison resistance (right hand)
 F - a ring of see invisible (left hand)
Wands
 l - a wand of digging (5)
 w - a wand of iceblast (21)
 E - a wand of acid (10)
 G - a wand of enslavement (7)
Scrolls
 a - 3 scrolls of teleportation
 h - 2 scrolls of remove curse
 k - 2 scrolls of enchant weapon
 n - 6 scrolls of identify
 u - a scroll of enchant armour
 y - a scroll of brand weapon
 A - 2 scrolls of magic mapping
 D - 2 scrolls of fog
 J - a scroll of fear
Potions
 b - a potion of mutation
 c - 4 potions of curing
 d - 3 potions of flight
 e - 2 potions of magic
 j - 3 potions of might
 o - a potion of berserk rage
 p - 4 potions of brilliance
 q - 3 potions of resistance
 z - 2 potions of ambrosia
 H - a potion of heal wounds
Miscellaneous
 m - a condenser vane (2/2)


   Skills:
 + Level 3.7 Fighting
 - Level 5.0 Short Blades
 * Level 8.5 Armour
 + Level 7.3 Dodging
 - Level 10.0 Stealth
 + Level 13.6 Spellcasting
 + Level 11.1 Conjurations
 + Level 2.0 Hexes
 + Level 2.3 Translocations
 - Level 5.0 Invocations
 * Level 3.9 Evocations


You had 25 spell levels left.
You knew the following spells:

 Your Spells              Type           Power        Failure   Level
a - Magic Dart            Conj           ####         1%          1
b - Searing Ray           Conj           ######       1%          2
c - Dazzling Flash        Conj/Hex       ######       2%          3
d - Iskenderun's Mystic   Conj/Tloc      ######..     7%          4
e - Tukima's Dance        Hex            ####....     14%         3

Your spell library contained the following spells:

 Spells                   Type           Power        Failure   Level
 Apportation              Tloc           ####..       4%          1
 Corona                   Hex            ####...      4%          1
 Fulminant Prism          Conj/Hex       ######....   8%          4
 Ensorcelled Hibernation  Hex/Ice        ####..       11%         2
 Animate Skeleton         Necr           ###...       12%         1
 Summon Small Mammal      Summ           ###.         12%         1
 Confusing Touch          Hex            ####....     14%         3


Dungeon Overview and Level Annotations

Branches:
Dungeon (9/15)             Temple (0/1) D:5            Lair (4/6) D:9
  Swamp (0/4) Lair:3
  Snake: Lair:2-4    Spider: Lair:2-4       Orc: D:9-12

Altars:
Cheibriados
Elyvilon
Fedhas
Makhleb
Nemelex Xobeh
Okawaru
Sif Muna
Trog
Vehumet
Beogh

Annotations:
Lair:1 2 transporters, Ishrent's ghost, novice DsWn


Message History

The wolf spider bites you.
As you read the scroll of teleportation, it crumbles to dust.
You feel strangely unstable.
You feel very sick.
The wolf spider hits you but does no damage.
The wolf spider bites you but does no damage.
The wolf spider closely misses you. The wolf spider bites you.
The wolf spider hits you but does no damage.
The wolf spider misses you. The wolf spider hits you.
* * * LOW HITPOINT WARNING * * *
The wolf spider closely misses you.
You feel better. The wolf spider hits you. The wolf spider barely misses you.
The wolf spider hits you but does no damage.
The wolf spider barely misses you. The wolf spider hits you.
* * * LOW HITPOINT WARNING * * *
The wolf spider closely misses you. The wolf spider hits you!
* * * LOW HITPOINT WARNING * * *
The wolf spider bites you.
You die...

##.### ####........
###.#.######### #...#.......
.#.....##.##..### ##..###.....
...#...#........# ##..## ##.##P
..###.######...## ##...P# #####
...#### .##...## #.#...# ......##
..###..####..### .P.....# .^^
#...###.## .......##
^^^^##@s#P.###
........##^^.^^##s.....##
.........##^....##......##
..........###^.ss..#.#...######
............###^...##.......#.#
..............##........##....###
P..............#........##.....##
..............#..........#...#...
............###...........#####..


You could see 2 wolf spiders.

Vanquished Creatures
  Gastronok (Lair:3)
  4 hydras
  Harold (D:8)
  A death knight (D:8)
  An unseen horror (D:8)
  Pikel (D:6)
  2 black mambas
  Maggie (D:8)
  7 cane toads
  A rime drake (Lair:2)
  8 komodo dragons
  A tyrant leech (Lair:3)
  Grinder (D:3)
  2 jumping spiders (Lair:4)
  A polar bear (Lair:4)
  3 blink frogs (Lair:3)
  6 hippogriffs
  Sigmund (D:3)
  A wraith (D:8)
  20 yaks
  The ghost of p0werm0de the Skirmisher, an amateur MiFi of Makhleb (D:3)
  3 basilisks
  Edmund (D:6)
  8 water moccasins
  6 swamp worms
  Duvessa (D:6)
  3 porcupines
  An ice beast (D:7)
  An orc warrior (D:7)
  2 black bears
  5 sky beasts
  3 phantoms
  4 ogres
  2 centaurs (D:5)
  6 crocodiles
  4 wolves (Lair:2)
  2 lemures (D:6)
  10 bullfrogs
  A wyvern skeleton (D:9)
  A scorpion (D:5)
  A water moccasin skeleton (D:4)
  Dowan (D:6)
  5 killer bees (D:8)
  A howler monkey (D:8)
  3 electric eels
  2 bullfrog zombies
  A lava snake (Lair:1)
  A jelly (D:9)
  A centaur zombie (D:8)
  6 orc priests
  4 hounds
  2 orc wizards
  8 worker ants
  A hound skeleton (D:7)
  11 adders
  2 shadow imps
  A white imp (D:5)
  3 ufetubi
  An ooze (D:5)
  An adder zombie (D:7)
  2 worms (D:2)
  4 leopard geckos
  56 orcs
  2 ball pythons
  2 giant cockroaches
  2 goblins (D:2)
  12 hobgoblins
  9 jackals
  9 quokkas
  5 bats
  3 frilled lizards
  4 kobolds (D:2)
  2 rats (D:2)
297 creatures vanquished.

Vanquished Creatures (others)
  A dancing weapon (D:8)
  10 fungi
  20 plants
31 creatures vanquished.

Grand Total: 328 creatures vanquished

Notes
Turn   | Place    | Note
-------+----------+-------------------------------------------
     0 | D:1      | Lugonue the Deep Elf Conjurer began the quest for the Orb.
     0 | D:1      | Reached XP level 1. HP: 10/10 MP: 6/6
   377 | D:2      | Reached XP level 2. HP: 15/15 MP: 5/8
   453 | D:2      | Learned a level 2 spell: Searing Ray
   829 | D:2      | Found a faded altar of an unknown god.
   841 | D:2      | Reached skill level 5 in Conjurations
   887 | D:2      | Reached XP level 3. HP: 19/19 MP: 6/9
  1198 | D:2      | Reached XP level 4. HP: 24/24 MP: 4/11
  1434 | D:2      | Found an iron altar of Okawaru.
  1437 | D:2      | Found a sparkling altar of Nemelex Xobeh.
  1506 | D:2      | Found a shimmering blue altar of Sif Muna.
  1639 | D:2      | Became a worshipper of Sif Muna the Loreminder
  1733 | D:3      | Noticed Grinder
  1916 | D:3      | Learned a level 3 spell: Dazzling Flash
  2489 | D:3      | Noticed Sigmund
  2955 | D:3      | Killed Sigmund
  2955 | D:3      | Reached skill level 1 in Short Blades
  2955 | D:3      | Reached skill level 4 in Spellcasting
  2955 | D:3      | Reached XP level 5. HP: 26/28 MP: 2/13
  2955 | D:3      | Reached XP level 6. HP: 31/33 MP: 2/14
  3078 | D:2      | Found a snail-covered altar of Cheibriados.
  3226 | D:3      | Killed Grinder
  3226 | D:3      | Reached skill level 5 in Spellcasting
  3306 | D:3      | Reached skill level 1 in Fighting
  3306 | D:3      | Reached XP level 7. HP: 38/38 MP: 12/16
  3552 | D:4      | Found a blossoming altar of Fedhas.
  3559 | D:4      | Found a runed translucent gate.
  3559 | D:4      | Found a runed translucent gate.
  3560 | D:4      | Found a runed translucent gate.
  3561 | D:4      | Identified the +4 spear of Sum Gud {vorpal, +Inv}
  3562 | D:4      | Noticed p0werm0de's ghost (amateur MiFi)
  3781 | D:4      | Found a burning altar of Makhleb.
  3784 | D:4      | Reached * piety under Sif Muna
  3795 | D:4      | Learned a level 4 spell: Iskenderun's Mystic Blast
  4133 | D:4      | Found a roughly hewn altar of Beogh.
  4284 | D:3      | Killed p0werm0de's ghost
  4284 | D:3      | Reached skill level 5 in Stealth
  4445 | D:4      | Reached skill level 1 in Armour
  4544 | D:5      | Entered Level 5 of the Dungeon
  4938 | D:5      | Reached XP level 8. HP: 31/43 MP: 18/18
  5099 | D:5      | Found a staircase to the Ecumenical Temple.
  5543 | D:5      | Reached skill level 6 in Spellcasting
  5874 | D:5      | Found a bloodstained altar of Trog.
  6313 | D:6      | Noticed Dowan
  6315 | D:6      | Killed Dowan
  6315 | D:6      | Reached skill level 5 in Dodging
  6316 | D:6      | Noticed Duvessa
  6349 | D:6      | Killed Duvessa
  6557 | D:6      | Noticed Edmund
  6573 | D:6      | Killed Edmund
  6808 | D:6      | Reached ** piety under Sif Muna
  7210 | D:6      | Reached XP level 9. HP: 48/48 MP: 20/20
  7223 | D:6      | Reached skill level 1 in Hexes
  7425 | D:6      | Found a white marble altar of Elyvilon.
  7726 | D:6      | You fall into a shaft and drop 1 floor!
  7758 | D:7      | Learned a level 3 spell: Tukima's Dance
  7827 | D:7      | Reached skill level 1 in Invocations
  8141 | D:7      | Reached skill level 7 in Spellcasting
  8231 | D:7      | Reached skill level 5 in Armour
  8307 | D:6      | Noticed Pikel
  8319 | D:6      | Killed Pikel
  9264 | D:8      | Noticed Maggie
  9274 | D:8      | Killed Maggie
  9439 | D:8      | Reached XP level 10. HP: 54/54 MP: 15/23
  9492 | D:8      | Reached *** piety under Sif Muna
  9511 | D:8      | Noticed Harold
  9526 | D:8      | Killed Harold
  9526 | D:8      | Reached skill level 8 in Spellcasting
  9669 | D:8      | Noticed a death knight
  9840 | D:8      | Killed an unseen horror
  9843 | D:8      | Reached skill level 5 in Short Blades
 10450 | D:8      | Killed a death knight
 10450 | D:8      | Reached skill level 9 in Spellcasting
 11504 | D:9      | Found a radiant altar of Vehumet.
 11809 | D:9      | Found a staircase to the Lair.
 11980 | D:9      | Reached **** piety under Sif Muna
 12031 | Lair:1   | Entered Level 1 of the Lair of Beasts
 12038 | Lair:1   | Reached XP level 11. HP: 60/60 MP: 18/26
 12287 | Lair:1   | Noticed an eight-headed hydra
 12298 | Lair:1   | Killed an eight-headed hydra
 12298 | Lair:1   | Reached skill level 10 in Spellcasting
 12837 | Lair:1   | Found a transporter.
 12972 | Lair:1   | Found a transporter.
 12973 | Lair:1   | Noticed Ishrent's ghost (novice DsWn)
 12975 | Lair:1   | Noticed a four-headed hydra
 13298 | Lair:1   | Reached skill level 11 in Spellcasting
 14445 | Lair:2   | Reached skill level 10 in Conjurations
 14589 | Lair:2   | Reached skill level 12 in Spellcasting
 14803 | Lair:2   | Got a crude great mace
 14804 | Lair:2   | Identified the cursed +3 great mace "Acyirphe" {drain, +Fly
                  | rF- Dex+4 SInv} (You found it on level 2 of the Lair of
                  | Beasts)
 15501 | Lair:2   | Noticed a four-headed hydra
 15510 | Lair:2   | Killed a four-headed hydra
 15510 | Lair:2   | Reached XP level 12. HP: 63/65 MP: 18/30
 15943 | Lair:3   | Noticed Gastronok
 15967 | Lair:3   | Reached skill level 1 in Translocations
 16382 | Lair:3   | Reached skill level 1 in Evocations
 16585 | Lair:3   | Reached skill level 5 in Invocations
 16790 | Lair:3   | Killed Gastronok
 16790 | Lair:3   | Reached skill level 13 in Spellcasting
 17096 | Lair:3   | Noticed a six-headed hydra
 17118 | Lair:3   | Killed a six-headed hydra
 17312 | Lair:3   | Noticed a four-headed hydra
 17326 | Lair:3   | Killed a four-headed hydra
 17804 | Lair:3   | Found a staircase to the Swamp.
 18828 | Lair:4   | Reached skill level 10 in Stealth
 18908 | Lair:4   | HP: 3/66 [wolf spider (13)]
 18908 | Lair:4   | Slain by a wolf spider

Illustrated notes

Levels and vault maps discovered:
D:1:      beargit_arrival_greenhouse, layout_rooms
D:2:      layout_basic, lemuel_blue_sif_altar, nicolae_overflow_hidden_temple,
          chequers_ecumenical_altar_island
D:3:      layout_basic, uniq_grinder, uniq_sigmund
D:4:      layout_basic, overflow_temple_1_default, makhleb_heckhound_becter,
          biasface_ghost_orc_armoury
D:5:      layout_basic, lemuel_doored_altar, minmay_temple_entry_glass,
          palyth_stone_intersect
D:6:      layout_basic, kennysheep_mini, grunt_ministairs_3, uniq_duvessa,
          uniq_pikel, uniq_edmund
D:7:      layout_loops_ring, grunt_ministairs_10, hex_tiny
D:8:      layout_rooms, st_stairs_9, uniq_harold, uniq_maggie
D:9:      layout_roguey, vehumet_crystals, lair_entry_dummy
Lair:1:   layout_gridlike, gammafunk_ghost_berserking_beasts,
          hangedman_lair_generics_rect, grunt_megastairs_1
Lair:2:   layout_regular_city, worms_lemuel, infiniplex_staircase_pool
Lair:3:   layout_long_grid, palyth_hydra_swamp_entry,
          infiniplex_staircase_pool_2, lemuel_fruit_fields, uniq_gastronok
Lair:4:   layout_cave_pods, spider_nest_entry_funnel_web

Skill      XL: |  1  2  3  4  5  6  7  8  9 10 11 12 |
---------------+-------------------------------------+-----
Conjurations   | 5 6 7 8 9 10 11 | 11.1
Stealth        | 3 4 5 6 7 8 10 | 10.0
Dodging        | 3 4 5 6 7 |  7.3
Short Blades   | 1 2 3 4 5 |  5.0
Spellcasting   | 4 5 6 7 9 12 13 | 13.6
Fighting       | 1 2 3 |  3.7
Armour         | 2 4 5 7 8 |  8.5
Hexes          | 1 2 |  2.0
Invocations    | 1 2 4 5 |  5.0
Translocations | 2 |  2.3
Evocations     | 3 |  3.9

Action                   |  1- 3 |  4- 6 |  7- 9 | 10-12 || total
-------------------------+-------+-------+-------+-------++-------
Melee: Short sword       |     2 |    23 |   101 |    39 ||   165
       Staff             |       |       |       |     1 ||     1
 Cast: Magic Dart        |    38 |    25 |    84 |   158 ||   305
       Searing Ray       |     9 |    14 |    64 |   160 ||   247
       Dazzling Flash    |       |       |     3 |     3 ||     6
       Tukima's Dance    |       |       |       |     3 ||     3
       Iskenderun's Myst |       |       |       |    28 ||    28
Invok: Channel Magic     |       |       |     1 |     3 ||     4
Evoke: Wand              |       |       |       |     5 ||     5
       Condenser vane    |       |       |       |     1 ||     1
  Use: Scroll            |     1 |     5 |     4 |    27 ||    37
       Potion            |       |       |     4 |     3 ||     7
 Stab: Sleeping          |       |     3 |     6 |       ||     9
Armor: Robe              |     7 |     2 |       |       ||     9
       Leather armour    |       |    12 |       |       ||    12
       Ring mail         |       |       |    74 |       ||    74
       Swamp dragon scal |       |       |     6 |   146 ||   152
Dodge: Dodged            |    21 |    19 |    86 |   129 ||   255

Table legend: (Time is in decaauts)
 A = Elapsed time spent in this place.
 B = Non-inter-level travel time spent in this place.
 C = Inter-level travel time spent in this place.
 D = Time resting spent in this place.
 E = Time spent auto-exploring this place.
 F = Levels seen in this place.
 G = Mean time per level.
                   A        B        C        D        E       F      G
               +--------+--------+--------+--------+--------+-----+--------+
         Total |  18901 |  18359 |    542 |   3331 |  12255 |  13 | 1453.9 |
       Dungeon |  12007 |  11589 |    418 |   1760 |   7924 |   9 | 1334.1 |
          Lair |   6893 |   6769 |    124 |   1571 |   4330 |   4 | 1723.2 |
               +--------+--------+--------+--------+--------+-----+--------+

Top non-repeatable levels by time:
  Lair:2: 2344 daAuts
     D:2: 1847 daAuts
     D:6: 1825 daAuts
  Lair:3: 1789 daAuts
     D:5: 1768 daAuts
     D:3: 1767 daAuts
  Lair:1: 1733 daAuts
     D:7: 1464 daAuts
     D:8: 1293 daAuts
     D:9: 1107 daAuts
  Lair:4: 1026 daAuts
     D:4: 859 daAuts
     D:1: 74 daAuts
